 Dungeon Crawl Stone Soup version 0.27-a0-448-gace5c5693b (webtiles) character file.

Game seed: 18297198485844117046

44 jasper the Sneak (level 3, 0/16 HPs)
             Began as a Spriggan Enchanter on Feb 27, 2021.
             Was an Initiate of Ashenzari.
             Killed from afar by Sigmund (6 damage)
             ... with a puff of flame
             ... on level 2 of the Dungeon.
             The game lasted 00:03:08 (2124 turns).

jasper the Sneak (Spriggan Enchanter)               Turns: 2124, Time: 00:03:09

Health: 0/16       AC:  2    Str:  4    XL:     3   Next: 41%
Magic:  3/8        EV: 18    Int: 17    God:    Ashenzari [......]
Gold:   91         SH:  0    Dex: 21    Spells: 2/8 levels left

rFire    . . .     SeeInvis +   a - +1 dagger
rCold    . . .     Faith    .   (shield restricted)
rNeg     . . .     Spirit   .   b - +0 robe
rPois    .         Reflect  .   (helmet restricted)
rElec    .         Harm     .   (no cloak)
rCorr    .         Rampage  .   (gloves unavailable)
Will     .....                  (boots unavailable)
Stlth    +++.......             (no amulet)
HPRegen  0.05/turn              c - +6 ring of dexterity
MPRegen  0.11/turn              (no ring)

@: very quick
A: very small, unfitting armour, see invisible, speed 3
a: Renounce Religion


You were on level 2 of the Dungeon.
You worshipped Ashenzari.
Ashenzari was noncommittal.
You visited 1 branch of the dungeon, and saw 2 of its levels.

You collected 91 gold pieces.

Inventory:

Hand Weapons
 a - a +1 dagger (weapon)
Missiles
 i - 33 bolts
Armour
 b - a +0 robe (worn)
Jewellery
 c - a +6 ring of dexterity (left hand)
 h - a +4 ring of evasion
Scrolls
 d - a scroll of magic mapping
 e - 2 scrolls of teleportation
 f - a scroll of fear
 g - 2 scrolls of enchant armour
 n - a scroll of identify
Potions
 j - a potion of attraction
 k - a potion of curing
 l - a potion of berserk rage
 m - a potion of heal wounds


   Skills:
 + Level 2.2 Short Blades
 - Level 2.6 Dodging
 + Level 5.3 Stealth
 - Level 3.0 Spellcasting
 - Level 4.0 Hexes
 + Level 0.3 Ice Magic


You had 2 spell levels left.
You knew the following spells:

 Your Spells              Type           Power        Failure   Level
a - Corona                Hex            17%          3%          1
b - Ensorcelled Hibernat  Hex/Ice        20%          11%         2
c - Confusing Touch       Hex            16%          10%         3

Your spell library contained the following spells:

 Spells                   Type           Power        Failure   Level
 Tukima's Dance           Hex            16%          10%         3
 Dazzling Flash           Conj/Hex       18%          22%         3


Dungeon Overview and Level Annotations

Branches:
Dungeon (2/15)

Altars:
Ashenzari
Elyvilon
Trog
Xom

Annotations:
D:2 Sigmund


Innate Abilities, Weirdness & Mutations

You are very small and have problems with some larger weapons.
You are too small for most types of armour.
You have supernaturally acute eyesight. (SInv)
You cover ground extremely quickly.


Message History

Sigmund the Dreaded comes into view.
He is wielding a +0 scythe and carrying a wand of flame (19).
Found a scroll of identify.
Sigmund is nearby!
Found a +6 ring of strength.
Sigmund shouts!
Sigmund points at you and mumbles some strange words.
The magic dart hits you.
You take 5 damage, and have 11/16 hp.
MASSIVE DAMAGE!!
Aiming: Ensorcelled Hibernation (safe; 11% risk of failure)
Press: ? - help, Q - select action, (/) - cycle Shift-Dir - straight line, f - Sigmund
Aim: Sigmund, wielding a +0 scythe, wearing a +0 robe and carrying a wand of flame (19) (chance to affect: 50%) Sigmund resists with some effort.
Sigmund zaps a wand.
The puff of flame hits you.
You take 4 damage, and have 7/16 hp.
MASSIVE DAMAGE!!
You now have 6/8 mp.
Aiming: Ensorcelled Hibernation (safe; 11% risk of failure)
Press: ? - help, Q - select action, (/) - cycle Shift-Dir - straight line, f/p - Sigmund
Aim: Sigmund, wielding a +0 scythe, wearing a +0 robe and carrying a wand of flame (18) (chance to affect: 50%)
You miscast Ensorcelled Hibernation.
You are very lightly contaminated with residual magic.
Nothing appears to happen.
Sigmund points at you and mumbles some strange words.
The puff of flame misses you.
You now have 4/8 mp.
Aiming: Ensorcelled Hibernation (safe; 11% risk of failure)
Press: ? - help, Q - select action, (/) - cycle Shift-Dir - straight line, f/p - Sigmund
Aim: Sigmund, wielding a +0 scythe, wearing a +0 robe and carrying a wand of flame (18) (chance to affect: 50%) Sigmund looks drowsy...
You now have 2/8 mp.
Sigmund shouts!
Sigmund zaps a wand.
The puff of flame misses you.
You hit Sigmund.
Sigmund is lightly wounded.
Sigmund hits you with a +0 scythe.
You take 1 damage, and have 6/16 hp.
You see here a scroll of identify.
n - a scroll of identify Sigmund misses you.
Your magical contamination has completely faded away.
Sigmund zaps a wand.
The puff of flame hits you.
You die...

≈§≈≈§..≈≈§≈§≈
#######..##.......
§≈≈≈..≈§§§≈≈
##..#....... ###
##.........
+.#########.......
+.##>.............
#....######.##8..8
#...## #.#⌠....
#.###### #.###..#
##@.....# #.##....
##.......#
#.###..#
#........#
###_.... #
#......@..# ###..#
# #.........#
#..†..
#...#########
###..# ##.# #....
#= #.#_. # #####


You could see Sigmund.

Vanquished Creatures
  An adder (D:2)
  A dart slug (D:1)
  2 leopard geckos (D:1)
  4 bats
  A giant cockroach (D:1)
  3 goblins (D:1)
  7 hobgoblins
  3 jackals (D:1)
  2 kobolds (D:1)
  3 rats
27 creatures vanquished.

Notes
Turn   | Place    | Note
-------+----------+-------------------------------------------
     0 | D:1      | jasper the Spriggan Enchanter began the quest for the Orb.
     0 | D:1      | Reached XP level 1. HP: 9/9 MP: 5/5
   705 | D:1      | Reached XP level 2. HP: 13/13 MP: 4/6
   708 | D:1      | Learned a level 2 spell: Ensorcelled Hibernation
  1289 | D:1      | Reached skill level 5 in Stealth
  1542 | D:1      | Reached XP level 3. HP: 7/16 MP: 2/8
  1578 | D:1      | Learned a level 3 spell: Confusing Touch
  2061 | D:2      | Found a white marble altar of Elyvilon.
  2068 | D:2      | Found a broken altar of Ashenzari.
  2068 | D:2      | Found a shimmering altar of Xom.
  2069 | D:2      | Found a bloodstained altar of Trog.
  2082 | D:2      | Became a worshipper of Ashenzari the Shackled
  2109 | D:2      | Noticed Sigmund
  2124 | D:2      | Killed from afar by Sigmund

Illustrated notes

Levels and vault maps discovered:
D:1:      sevenhm_arrival_forest_fort_small_4, layout_basic, minmay_surrounded
D:2:      kennysheep_big_flooded_room, layout_rooms,
          yredelemnul_forgotten_temple_becter, minitemple, uniq_sigmund

Skill      XL: |  1  2 |
---------------+-------+-----
Spellcasting   | 3 |  3.0
Hexes          | 4 |  4.0
Stealth        | 5 |  5.3
Short Blades   | 2 |  2.2
Dodging        | |  2.6
Ice Magic      | |  0.3

Action                   || total
-------------------------++-------
Melee: Dagger            ||    64
 Cast: Corona            ||     6
       Ensorcelled Hiber ||    20
 Stab: Sleeping          ||    22
Armor: Robe              ||     5
Dodge: Dodged            ||    54

Table legend: (Time is in decaauts)
 A = Elapsed time spent in this place.
 B = Non-inter-level travel time spent in this place.
 C = Inter-level travel time spent in this place.
 D = Time resting spent in this place.
 E = Time spent auto-exploring this place.
 F = Levels seen in this place.
 G = Mean time per level.
                   A        B        C        D        E       F      G
               +--------+--------+--------+--------+--------+-----+--------+
         Total |   1651 |   1590 |     61 |    485 |    832 |   2 |  825.5 |
       Dungeon |   1651 |   1590 |     61 |    485 |    832 |   2 |  825.5 |
               +--------+--------+--------+--------+--------+-----+--------+

Top non-repeatable levels by time:
     D:1: 1514 daAuts
     D:2: 137 daAuts
